 Dungeon Crawl Stone Soup version 0.30.0-19-g36f170ea60 (webtiles) character file.

Game seed: 2073992655933619687

235 PaiMei the Chiller (level 6, 0/46 HPs)
             Began as a Merfolk Ice Elementalist on May 30, 2023.
             Slain by a phantom (6 damage)
             ... on level 4 of the Dungeon.
             The game lasted 00:09:56 (3652 turns).

PaiMei the Chiller (Merfolk Ice Elementalist)       Turns: 3652, Time: 00:09:57

Health: 0/46       AC:  3    Str: 11    XL:     6   Next: 6%
Magic:  0/11       EV: 13    Int: 16    God:
Gold:   242        SH:  0    Dex: 10    Spells: 7/11 levels left

rFire   x . .        H - +0 mace (holy)
rCold   + . .        (no shield)
rNeg    . . .        G - +0 animal skin
rPois   +            F - +0 helmet
rElec   .            (no cloak)
rCorr   .            (no gloves)
SInv    .            (no boots)
Will    .....        (no amulet)
Stlth   ++           C - ring of Peish {Ice rPois Str+3 Dex-5}
HPRegen 0.27/turn    (no ring)
MPRegen 0.12/turn

%: no passive effects
@: freezing walls
A: (nimble swimmer 2), mertail
a: no special abilities


You were on level 4 of the Dungeon.
You visited 1 branch of the dungeon, and saw 4 of its levels.

You collected 242 gold pieces.

Inventory:

Hand Weapons
 a - a +0 whip
 b - a +3 sling
 h - a +0 club
 A - a +0 spear
 H - a +0 mace of holy wrath (weapon)
Missiles
 g - 5 poisoned darts (quivered)
 j - 43 stones
 D - 2 throwing nets
Armour
 f - a +0 leather armour
 n - a +0 robe
 x - a +2 hat
 F - a +0 helmet (worn)
 G - a +0 animal skin (worn)
Jewellery
 r - a ring of protection from cold
 C - the ring of Peish (left hand) {Ice rPois Str+3 Dex-5}
   (You found it on level 2 of the Dungeon)

   [ring of ice]

   It enhances your ice magic.
   Str:       It affects your strength (+3).
   Dex:       It affects your dexterity (-5).
   rF:        It makes you vulnerable to fire.
   rC:        It protects you from cold.
   rPois:     It protects you from poison.
Wands
 w - a wand of quicksilver (8)
Scrolls
 c - a scroll of fog {unknown}
 i - 2 scrolls of teleportation {unknown}
 l - a scroll of poison {unknown}
 o - a scroll of magic mapping {unknown}
 p - a scroll of amnesia {unknown}
 s - 4 scrolls of identify {unknown}
 v - a scroll of summoning {unknown}
 y - 2 scrolls of immolation {unknown}
 z - a scroll of silence {unknown}
Potions
 d - a potion of ambrosia {unknown}
 e - 2 potions of berserk rage {unknown}
 k - 2 potions of curing {unknown}
 m - a potion of lignification {unknown}
 q - 2 potions of magic
 t - a potion of attraction {unknown}
 u - 3 potions of heal wounds {unknown}
 B - a potion of mutation {unknown}
 E - a potion of resistance {unknown}


   Skills:
 + Level 2.6 Fighting
 + Level 4.5 Dodging
 - Level 2.5 Stealth
 + Level 3.3 Spellcasting
 + Level 5.4 Ice Magic


You had 7 spell levels left.
You knew the following spells:

 Your Spells              Type           Power      Damage    Failure   Level
a - Freeze                Ice            100%       1d10      1%          1
b - Frozen Ramparts       Ice            60%        1d10      6%          3

Your spell library contained the following spells:

 Spells                   Type           Power      Damage    Failure   Level
 Ozocubu's Armour         Ice            30%        N/A       6%          3
 Summon Ice Beast         Ice/Summ       17%        N/A       52%         4


Dungeon Overview and Level Annotations

Branches:
Dungeon (4/15)
 Temple: D:4-7

Altars:
Ashenzari

Shops:
D:1 [


Innate Abilities, Weirdness & Mutations

((You are very nimble when in or above water. (Stealth+, EV+, Speed+++)))
Your lower body shifts to a powerful aquatic tail in water.


Message History

Press: ? - help, Shift-Dir - straight line, f - phantom
Aim: a phantom (heavily damaged)
You feel a surge of power!
You freeze the phantom.
The phantom resists.
The phantom is heavily damaged.
The wall freezes the phantom but does no damage.
The phantom hits you.
* * * LOW HITPOINT WARNING * * *
The phantom blinks!
You blink.
The frozen ramparts melt away as you move.
You hit the phantom.
The phantom convulses.
The phantom is severely damaged.
The phantom closely misses you.
Casting: Freeze (safe; 1% risk of failure)
Confirm with . or Enter, or press ? or * to list all spells.
Casting: Frozen Ramparts (dangerous; 6% risk of failure)
Press: ? - help, Dir - look around, f - activate You feel a surge of power!
The walls around you are covered in ice.
The phantom completely resists.
The wall freezes the phantom but does no damage.
The phantom hits you.
* * * LOW HITPOINT WARNING * * *
You barely miss the phantom.
The phantom is severely damaged.
The phantom resists.
The wall freezes the phantom.
The phantom hits you but does no damage.
The phantom resists.
The wall freezes the phantom.
The phantom barely misses you.
You hit the phantom.
The phantom convulses.
The phantom is almost destroyed.
The phantom resists.
The wall freezes the phantom.
The phantom hits you but does no damage.
You closely miss the phantom.
The phantom is almost destroyed.
The phantom resists.
The wall freezes the phantom.
The phantom hits you.
* * * LOW HITPOINT WARNING * * *
The phantom completely resists.
The wall freezes the phantom but does no damage.
The phantom hits you.
You die...

#<....# ##....§....#
##.###.###.#..####.## #.##
#.#.##..# ##.## ##. #.#
#.......###...###.... #.##
#.................#
##.###.#..##.##.......#.##.
##...##..##...............
#######.###..#####...†...#.###
........<....@W.......>### #
####.##.############...# #
#.....# ##### #####.#


You could see a phantom.

Vanquished Creatures
  A gnoll bouda (D:3)
  A hound (D:2)
  Robin (D:4)
  4 gnolls
  An adder (D:2)
  2 worms
  2 dart slugs (D:1)
  An orc (D:3)
  11 ball pythons
  8 endoplasms
  3 giant cockroaches
  18 goblins
  11 hobgoblins
  4 jackals (D:1)
  9 kobolds
  4 quokkas
  4 bats
  6 frilled lizards
  10 rats
101 creatures vanquished.

Notes
Turn   | Place    | Note
-------+----------+-------------------------------------------
     0 | D:1      | PaiMei the Merfolk Ice Elementalist began the quest for the
                  | Orb.
     0 | D:1      | Reached XP level 1. HP: 13/13 MP: 3/3
   254 | D:1      | Reached XP level 2. HP: 19/19 MP: 3/5
   610 | D:1      | Found Syttud's Armour Shoppe.
   684 | D:1      | Reached XP level 3. HP: 21/25 MP: 2/6
  1215 | D:2      | Reached skill level 1 in Fighting
  1215 | D:2      | Reached XP level 4. HP: 26/32 MP: 3/8
  1944 | D:2      | Reached skill level 5 in Ice Magic
  2117 | D:2      | Learned a level 3 spell: Frozen Ramparts
  2152 | D:2      | Reached XP level 5. HP: 34/38 MP: 4/9
  2344 | D:2      | Identified the ring of Peish {Ice rPois Str+3 Dex-5}
  3285 | D:3      | Found a broken altar of Ashenzari.
  3524 | D:4      | Noticed Robin
  3535 | D:4      | Reached XP level 6. HP: 45/46 MP: 7/10
  3540 | D:4      | Killed Robin
  3652 | D:4      | Slain by a phantom

Illustrated notes

Levels and vault maps discovered:
D:1:      dpeg_arrival_ternary, layout_rooms, serial_shops,
          nicolae_shop_behind_doors, wad_floor_pattern_1, minmay_pentomino_z4
D:2:      kennysheep_six_static_rooms, layout_rooms, minmay_increasing_density
D:3:      layout_loops_ring, marbit_many_paths, chequers_hall_statues_wall_a
D:4:      layout_loops_ring, doesnt_xom_only_xom, serial_shops, shop,
          lightli_minifort, uniq_blork_the_orc, uniq_robin

Skill      XL: |  1  2  3  4  5 |
---------------+----------------+-----
Dodging        | 3 4 |  4.5
Fighting       | 1 2 |  2.6
Ice Magic      | 5 |  5.4
Spellcasting   | 3 |  3.3
Stealth        | |  2.5

Action                     |  1- 3 |  4- 6 || total
---------------------------+-------+-------++-------
  Melee: Unarmed           |    25 |       ||    25
         Club              |    17 |       ||    17
         Whip              |    12 |    39 ||    51
         Spear             |       |    40 ||    40
         Mace              |       |    15 ||    15
   Fire: Sling             |     2 |     2 ||     4
   Cast: Freeze            |    38 |    72 ||   110
         Frozen Ramparts   |       |     7 ||     7
   Stab: Sleeping          |       |     5 ||     5
 Armour: Robe              |    14 |    39 ||    53
         Animal skin       |       |     3 ||     3
  Dodge: Dodged            |    59 |    93 ||   152
